 Dungeon Crawl Stone Soup version 0.29-a0-284-gf9362112df (console) character file.

Game seed: 15619047051369592583

2198 xelenne the Cleaver (level 8, -3/68 HPs)
             Began as a Demigod Wanderer on Mar 18, 2022.
             Slain by a troll (11 damage)
             ... on level 7 of the Dungeon.
             The game lasted 00:08:48 (6459 turns).

xelenne the Cleaver (Demigod Wanderer)              Turns: 6459, Time: 00:08:49

Health: -3/68      AC: 12    Str: 20    XL:     8   Next: 88%
Magic:  10/10      EV:  8    Int: 18    God:
Gold:   256        SH:  5    Dex: 15    Spells: 7/7 levels left

rFire   . . .      SeeInvis .   a - +2 hand axe
rCold   . . .      Faith    .   D - +0 buckler
rNeg    . . .      Spirit   .   h - +0 chain mail
rPois   +          Reflect  .   n - +1 helmet
rElec   .          Harm     .   k - +0 cloak
rCorr   .          Rampage  .   (no gloves)
Will    .....                   c - +0 pair of boots
Stlth   ..........              C - amulet "Fooxuni" {Regen+ Int+5}
HPRegen 1.01/turn               j - ring of poison resistance
MPRegen 0.12/turn               (no ring)

@: silenced, studying Earth Magic
A: high MP 1, forlorn, divine attributes
a: no special abilities


You were on level 7 of the Dungeon.
You visited 1 branch of the dungeon, and saw 7 of its levels.

You collected 256 gold pieces.

Inventory:

Hand Weapons
 a - a +2 hand axe (weapon)
 b - a +0 short sword
Missiles
 f - a throwing net
 l - 3 poisoned darts (quivered)
Armour
 c - a +0 pair of boots (worn)
 h - a +0 chain mail (worn)
 k - a +0 cloak (worn)
 n - a +1 helmet (worn)
 D - a +0 buckler (worn)
Jewellery
 j - a ring of poison resistance (left hand)
 z - a +4 ring of protection
 C - the amulet "Fooxuni" (around neck) {Regen+ Int+5}
   (You found it on level 6 of the Dungeon)

   [amulet of regeneration]

   Int:       It affects your intelligence (+5).
   Regen:     It increases your rate of health regeneration.
Wands
 t - a wand of acid (2)
 x - a wand of iceblast (8)
 F - a wand of digging (5)
Scrolls
 d - a scroll of blinking
 m - a scroll of enchant armour
 p - a scroll of fog
 s - 3 scrolls of magic mapping
 v - 2 scrolls of teleportation
 w - a scroll of summoning
 B - a scroll of fear {unknown}
 E - a scroll of enchant weapon {unknown}
Potions
 e - a potion of cancellation {unknown}
 g - a potion of might {unknown}
 i - 3 potions of curing {unknown}
 o - a potion of attraction {unknown}
 q - a potion of lignification
 r - 2 potions of mutation {unknown}
 u - a potion of flight {unknown}
 A - 2 potions of degeneration {unknown}


   Skills:
 - Level 5.0 Fighting
 - Level 1.0 Short Blades
 + Level 8.0 Axes
 - Level 3.0 Throwing
 - Level 4.5 Dodging
 + Level 3.3 Shields
 - Level 4.0 Evocations


You had 7 spell levels left.
You didn't know any spells.
Your spell library contained the following spells:

 Spells                   Type           Power      Damage    Failure   Level
 Foxfire                  Conj/Fire      0%         2x1d4     98%         1
 Blink                    Tloc           0%         N/A       99%         2
 Conjure Flame            Conj/Fire      0%         6-21      100%        3
 Inner Flame              Hex/Fire       0%         N/A       100%        3
 Animate Dead             Necr           0%         N/A       100%        4
 Flame Wave               Conj/Fire      0%         2d4       100%        4
 Borgnjor's Vile Clutch   Necr/Erth      0%         N/A       100%        5
 Manifold Assault         Tloc           0%         N/A       100%        5
 Death Channel            Necr           0%         N/A       100%        6
 Storm Form               Tmut/Air       0%         N/A       100%        7


Dungeon Overview and Level Annotations

Branches:
Dungeon (7/15)             Temple (0/1) D:4

Annotations:
D:2 1 runed translucent door, Crazy Yiuf


Innate Abilities, Weirdness & Mutations

You have an increased reservoir of magic. (+10% MP)
You shall have no god before yourself.
Your divine heritage dramatically boosts your attributes as you level up.


Message History

A troll comes into view.
The gnoll attacks as you move away! The gnoll barely misses you.
Found a black potion.
The troll shouts!
Okay, then.
Okay, then.
As you read the scroll labelled HEMEAPHUVYMO, it crumbles to dust.
A profound silence engulfs you.
It was a scroll of silence.
You block the gnoll's attack.
The gnoll sergeant hits you from afar with a +0 trident!
* * * LOW HITPOINT WARNING * * *
The gnoll attacks as you move away! The gnoll closely misses you.
Found a Trismegistus Codex.
The troll attacks as you move away! The troll bites you but does no damage.
You block the troll's attack. x2; You block the gnoll sergeant's attack.
The gnoll hits you but does no damage.
A gnoll comes into view. It is wielding a +0 spear.
The gnoll sergeant hits you from afar with a +0 trident.
* * * LOW HITPOINT WARNING * * *
A gnoll comes into view. It is wielding a +0 spear.
The gnoll barely misses you.
The gnoll shaman hits you with a +0 whip.
* * * LOW HITPOINT WARNING * * *
The gnoll shaman hits you but does no damage.
The gnoll attacks as you move away! The gnoll barely misses you.
The gnoll shaman attacks as you move away!
The gnoll shaman hits you with a +0 whip.
* * * LOW HITPOINT WARNING * * *
The gnoll hits you with a +0 whip.
* * * LOW HITPOINT WARNING * * *
The gnoll hits you but does no damage. The gnoll attacks as you move away!
The gnoll barely misses you. x2
The gnoll hits you but does no damage. The gnoll attacks as you move away!
You block the gnoll's attack. The troll attacks as you move away!
The troll bites you but does no damage. The troll claws you but does no damage.
The troll claws you.
* * * LOW HITPOINT WARNING * * *
The troll attacks as you move away! You block the troll's attack.
The troll claws you but does no damage. The troll claws you!
You die...

,,,,*,,,,,,,* *,*###.......#
,,,,*,,,,,,,****,*#....##...#
,,,,**,,,,,**,,......#.##...#
,,,****,,,,,,,,.....,#.###.##
,,,,,,,..*#.,,,....,,#.# #.#*
*,,****#.##..,,.######.###..*
**,* #.....,,*###....<.##.#
**,* **#.....,,##...#.[###*.# *
,*,***.......###@......#
*,*****
,,,,...........Tg#####.#
*,#*.,, ,,,............g## #.#
*.#..,* ,,,..........g.g.#
#.#*##....** ,,,...........ggg#
###.##$...##*
,,##.#......gg.g.###..........#
,,,!..............)..#...####.*
,,,##$..................## *,*
,,.#....................#####.*


You could see a troll, a gnoll shaman and 8 gnolls.

Vanquished Creatures
  Grinder (D:4)
  Menkaure (D:6)
  3 water moccasins
  A sky beast (D:7)
  A black bear (D:7)
  5 centaurs
  2 phantoms
  A bullfrog (D:4)
  2 necrophages
  2 scorpions
  4 hounds
  2 jellies (D:6)
  An iguana (D:6)
  Ijyb (D:4)
  2 orc wizards
  Robin (D:2)
  5 gnolls
  7 adders
  A shadow imp (D:5)
  An ufetubus (D:6)
  6 dart slugs
  9 orcs
  9 bats
  9 endoplasms
  2 giant cockroaches (D:3)
  11 hobgoblins
  5 kobolds
  4 quokkas
  8 ball pythons
  4 frilled lizards
  11 goblins
  10 rats
132 creatures vanquished.

Notes
Turn   | Place    | Note
-------+----------+-------------------------------------------
     0 | D:1      | xelenne the Demigod Wanderer began the quest for the Orb.
     0 | D:1      | xelenne set off with the following items: a +2 hand axe, a
                  | +0 short sword, a +0 pair of boots, a scroll of blinking, a
                  | +0 leather armour
     0 | D:1      | Reached XP level 1. HP: 16/16 MP: 3/3
   309 | D:1      | Reached skill level 3 in Axes
   323 | D:1      | Reached XP level 2. HP: 20/23 MP: 4/4
  1004 | D:1      | Reached XP level 3. HP: 26/29 MP: 5/5
  1379 | D:2      | Noticed Robin
  1459 | D:2      | Killed Robin
  1632 | D:2      | Reached skill level 1 in Throwing
  1632 | D:2      | Reached XP level 4. HP: 23/37 MP: 6/6
  1798 | D:2      | Found a runed translucent door.
  1799 | D:2      | Noticed Crazy Yiuf
  3114 | D:4      | Reached skill level 4 in Axes
  3114 | D:4      | Reached XP level 5. HP: 45/45 MP: 7/7
  3137 | D:4      | Found a staircase to the Ecumenical Temple.
  3153 | D:4      | Noticed Grinder
  3174 | D:4      | Paralysed by Grinder for 2 turns
  3185 | D:4      | Killed Grinder
  3186 | D:4      | Reached skill level 1 in Evocations
  3186 | D:4      | Reached XP level 6. HP: 10/51 MP: 8/8
  3473 | D:4      | Noticed Ijyb
  3501 | D:4      | Killed Ijyb
  4093 | D:5      | Entered Level 5 of the Dungeon
  4117 | D:4      | Reached XP level 7. HP: 57/59 MP: 9/9
  4303 | D:5      | Reached skill level 5 in Axes
  5222 | D:6      | Reached skill level 5 in Fighting
  5297 | D:6      | Reached XP level 8. HP: 53/68 MP: 10/10
  5343 | D:6      | Reached skill level 6 in Axes
  5589 | D:6      | Identified the amulet "Fooxuni" {Regen+ Int+5}
  5604 | D:6      | Noticed Menkaure
  5624 | D:6      | Killed Menkaure
  5625 | D:6      | Reached skill level 7 in Axes
  5833 | D:6      | Reached skill level 1 in Shields
  6348 | D:7      | Identified the +3 leather armour "Zesupam" {rC+ Will+
                  | Dex+3}
  6414 | D:7      | Reached skill level 8 in Axes
  6444 | D:7      | Noticed a troll
  6459 | D:7      | Slain by a troll

Illustrated notes

Levels and vault maps discovered:
D:1:      ebering_trefoil_twist, layout_basic, minmay_heptomino_d4
D:2:      layout_basic, basic_altar, grunt_decor_resistance, uniq_robin,
          uniq_crazy_yiuf_cottage
D:3:      layout_basic, basic_ecumenical_altar
D:4:      layout_rooms, minmay_temple_entry_purple_smoke, uniq_grinder,
          uniq_ijyb
D:5:      layout_rooms, minitemple, minmay_misc_feat_plants
D:6:      layout_basic, roderic_lattice_a, minmay_manual_mares, uniq_menkaure
D:7:      layout_rooms, enter_bailey_3

Skill      XL: |  1  2  3  4  5  6  7  8 |
---------------+-------------------------+-----
Axes           | 3 4 5 8 |  8.0
Fighting       | 2 3 4 5 |  5.0
Throwing       | 1 2 3 |  3.0
Evocations     | 1 2 3 4 |  4.0
Shields        | 3 |  3.3
Short Blades   | |  1.0
Dodging        | |  4.5

Action                   |  1- 3 |  4- 6 |  7- 9 || total
-------------------------+-------+-------+-------++-------
Melee: Hand axe          |   107 |   196 |   248 ||   551
       Punch             |     1 |     2 |     2 ||     5
Throw: Dart              |       |     2 |     2 ||     4
Evoke: Wand              |       |     5 |     3 ||     8
  Use: Scroll            |       |     8 |     2 ||    10
Armor: Chain mail        |    56 |   124 |   190 ||   370
       Leather armour    |     2 |       |       ||     2
Dodge: Dodged            |    31 |    86 |   139 ||   256
Block: Buckler           |       |       |    39 ||    39

Table legend: (Time is in decaauts)
 A = Elapsed time spent in this place.
 B = Non-inter-level travel time spent in this place.
 C = Inter-level travel time spent in this place.
 D = Time resting spent in this place.
 E = Time spent auto-exploring this place.
 F = Levels seen in this place.
 G = Mean time per level.
                   A        B        C        D        E       F      G
               +--------+--------+--------+--------+--------+-----+--------+
         Total |   6488 |   6222 |    266 |   1748 |   3218 |   7 |  926.9 |
       Dungeon |   6488 |   6222 |    266 |   1748 |   3218 |   7 |  926.9 |
               +--------+--------+--------+--------+--------+-----+--------+

Top non-repeatable levels by time:
     D:6: 1339 daAuts
     D:1: 1298 daAuts
     D:4: 1016 daAuts
     D:3: 938 daAuts
     D:2: 894 daAuts
     D:5: 865 daAuts
     D:7: 135 daAuts
